 Dungeon Crawl Stone Soup version 0.20-a0-823-gdec668e (webtiles) character file.

106 sankara the Charmwright (level 4, -7/35 HPs)
             Began as a Barachian Skald on Mar 5, 2017.
             Mangled by a gnoll
             ... wielding a +0 flail
              (19 damage)
             ... on level 2 of the Dungeon.
             The game lasted 00:06:31 (2846 turns).

sankara the Charmwright (Barachian Skald)           Turns: 2846, Time: 00:06:32

Health: -7/35      AC:  4    Str: 12    XL:     4   Next: 84%
Magic:  6/7        EV: 12    Int: 14    God:
Gold:   100        SH:  0    Dex: 12    Spells: 4/7 levels left

rFire    . . .     SeeInvis .   a - +0 falchion
rCold    . . .     Gourm    .   b - +0 leather armour
rNeg     . . .     Faith    .   (no shield)
rPois    .         Spirit   .   k - +0 helmet
rElec    .         Reflect  .   (no cloak)
rCorr    .         Harm     .   (no gloves)
MR       .....                  (no boots)
Stlth    +.........             (no amulet)
Regen    0.2/turn               (no ring)
MPRegen  0.1/turn               (no ring)

@: singing, slow
A: +LOS, swims, slowness 1, strong legs 1
a: Hop, Stop Singing


You were on level 2 of the Dungeon.
You were not hungry.

You visited 1 branch of the dungeon, and saw 2 of its levels.

You collected 100 gold pieces.

Inventory:

Hand Weapons
 a - a +0 falchion (weapon)
Armour
 b - a +0 leather armour (worn)
 k - a +0 helmet (worn)
Scrolls
 e - 2 scrolls of identify {unknown}
 g - a scroll of enchant armour {unknown}
 h - a scroll of blinking {unknown}
 j - 3 scrolls of remove curse {unknown}
Potions
 f - a potion of brilliance {unknown}
 i - a potion of might
 l - a potion of agility {unknown}
 m - a potion of curing {unknown}
 n - 3 potions of lignification {unknown}
Books
 c - a book of Battle

   Spells                             Type                      Level
   a - Infusion                       Charms                       1
   b - Shroud of Golubria             Charms/Translocation         2
   c - Song of Slaying                Charms                       2
   d - Spectral Weapon                Hexes/Charms                 3
   e - Regeneration                   Charms/Necromancy            3
Comestibles
 d - 3 bread rations
 o - 2 chunks of flesh


   Skills:
 + Level 3.4 Fighting
 + Level 3.2 Long Blades
 + Level 2.3 Armour
 + Level 3.1 Dodging
 - Level 2.1 Spellcasting
 + Level 4.1 Charms


You had 4 spell levels left.
You knew the following spells:

 Your Spells              Type           Power        Failure   Level  Hunger
a - Infusion              Chrm           ##..         8%          1    #......
b - Song of Slaying       Chrm           ##......     10%         2    ###....


Dungeon Overview and Level Annotations

Branches:
Dungeon (2/15)

Altars:


Innate Abilities, Weirdness & Mutations

Shadows flee at your approach. (+LOS)
You can swim through water.
You cover ground slowly.
You can hop short distances.


Message History

You hit the gnoll but do no damage.
The gnoll is heavily wounded.
The gnoll hits you but does no damage.
The gnoll drinks a potion.
The gnoll seems to grow stronger.
You hit the gnoll.
The gnoll is almost dead.
The gnoll barely misses you. The gnoll hits you with a whip.
The gnoll hits you but does no damage.
You hit the gnoll but do no damage.
The gnoll is almost dead.
The gnoll closely misses you. The gnoll hits you with a whip.
The gnoll barely misses you.
You riposte.
You hit the gnoll.
You kill the gnoll!
Your Charms skill increases to level 4!
You hit the gnoll.
The gnoll is heavily wounded.
The gnoll hits you with a club! The gnoll barely misses you.
You riposte.
You hit the gnoll but do no damage. The gnoll hits you with a flail!!
Ouch! That really hurt!
You die...

#......................#
#......................+
#......................#
###########............#
#............#
#............#
#............#
##..########## #g@# #gg#
#..# #..# #..# #..# #..#
#..# #.<#


You could see 3 gnolls.

Vanquished Creatures
  A gnoll (D:2)
  4 adders (D:2)
  3 worms
  2 dart slugs (D:2)
  A leopard gecko (D:2)
  6 bats
  2 giant cockroaches
  7 goblins
  6 hobgoblins
  8 kobolds
  A quokka (D:2)
  2 frilled lizards
  4 rats
47 creatures vanquished.

Notes
Turn   | Place    | Note
-------+----------+-------------------------------------------
     0 | D:1      | sankara the Barachian Skald began the quest for the Orb.
     0 | D:1      | Reached XP level 1. HP: 17/17 MP: 3/3
   195 | D:1      | Reached XP level 2. HP: 21/23 MP: 0/5
   905 | D:1      | Reached XP level 3. HP: 21/29 MP: 6/6
  1365 | D:2      | Learned a level 2 spell: Song of Slaying
  2046 | D:2      | Reached XP level 4. HP: 34/35 MP: 7/7
  2845 | D:2      | Reached skill level 4 in Charms
  2846 | D:2      | Mangled by a gnoll

Vault maps used:
D:1:      grunt_arrival_crossed_arrows
D:2:      nicolae_overflow_crystal_walls, first_bread, kennysheep_flooded_box,
          columned_hall_lemuel, amethyst_killhole

Skill      XL: |  1  2  3  4 |
---------------+-------------+-----
Fighting       | 3 |  3.4
Armour         | 2 |  2.3
Long Blades    | 3 |  3.2
Dodging        | 3 |  3.1
Charms         | 4 |  4.1
Spellcasting   | |  2.1

Action                   |  1- 3 |  4- 6 || total
-------------------------+-------+-------++-------
Melee: Falchion          |    90 |    62 ||   152
 Cast: Infusion          |    12 |     6 ||    18
       Song of Slaying   |       |     1 ||     1
  Eat: Chunk             |     4 |     3 ||     7
Armor: Leather armour    |    34 |    26 ||    60
Dodge: Dodged            |    84 |    46 ||   130
       Rpst.: Falchion   |    22 |    10 ||    32
